Winnipeg Jets vs Montreal Canadiens
Created - Thursday, November 16, 2023 at 07:28
Goals
|
| Winnipeg Jets |
0 |
2 |
0 |
2 |
| Montreal Canadiens |
0 |
1 |
3 |
4 |
|
Shots
|
| Winnipeg Jets |
6 |
15 |
10 |
31 |
| Montreal Canadiens |
13 |
10 |
8 |
31 |
|
1st period
No Goal
Penalties :
Ty Smith (WPG) for Holding (Minor) at 2:20, Kaiden Guhle (WPG) for Diving (Minor) at 14:42, Nathan Beaulieu (WPG) for Hooking (Minor) at 19:47
2nd period
1. Winnipeg Jets , Lucas Raymond 15 (Alex DeBrincat 33) at 0:08 (SH)
2. Montreal Canadiens , Sidney Crosby 36 (Jamie Benn 29, Dylan Larkin 29) at 1:33 (PP)
3. Winnipeg Jets , Yegor Sharangovich 10 (Nathan Beaulieu 11, Matthew Beniers 18) at 1:48
Penalties :
Tyler Myers (MTL) for Holding (Minor) at 2:34
3rd period
4. Montreal Canadiens , Sidney Crosby 37 (Dylan Larkin 30, Filip Hronek 17) at 6:13 (PP)
5. Montreal Canadiens , Jonathan Marchessault 16 (Martin Necas 23, Dylan Larkin 31) at 9:17
6. Montreal Canadiens , Dylan Larkin 22 (Adam Fox 40) at 13:32
Penalties :
Andrew Cogliano (WPG) for Hooking (Minor) at 2:56, Kaiden Guhle (WPG) for Roughing (Double Minor) at 5:55, Alex DeBrincat (WPG) for Tripping (Minor) at 18:36
Goalie Stats
Pavel Francouz (WPG), 27 saves from 31 shots - (0.871), L, 17-18-5, 60:00 minutes
David Rittich (MTL), 29 saves from 31 shots - (0.935), W, 6-2-1, 60:00 minutes
Players Stats for Winnipeg Jets
Player Name G A P +/- PIM S H SB GA TA FO MP PP MP PK MP
------------------------------------------------------------------------------------
Alex DeBrincat 0 1 1 1 2 5 3 1 0 0 3/6 21:33 1:06 5:17
Andrew Cogliano 0 0 0 1 2 5 1 1 0 0 0/0 13:33 0:00 0:46
Barclay Goodrow 0 0 0 -2 0 1 1 0 0 0 0/1 11:31 0:53 0:00
Calen Addison 0 0 0 0 0 2 0 1 0 0 0/0 21:49 0:58 5:44
Connor McDavid 0 0 0 0 0 2 2 1 0 1 11/18 19:12 1:06 5:03
Dante Fabbro 0 0 0 0 0 1 1 2 0 2 0/0 22:30 1:01 5:39
Dylan Samberg 0 0 0 0 0 0 2 0 0 0 0/0 15:40 0:00 0:12
Joel Armia 0 0 0 0 0 1 1 1 0 1 0/1 8:01 0:00 0:00
Kaapo Kakko 0 0 0 -2 0 0 1 0 0 0 0/0 11:31 0:53 0:00
Kaiden Guhle 0 0 0 0 6 2 2 1 0 1 0/0 21:08 1:01 3:57
Lucas Raymond 1 0 1 1 0 2 2 2 1 0 0/1 21:51 0:59 5:42
Matthew Beniers 0 1 1 1 0 3 2 0 1 0 3/7 11:39 0:00 0:00
Nathan Beaulieu 0 1 1 0 2 0 1 2 0 0 0/0 20:06 0:58 4:07
Nick Suzuki 0 0 0 -2 0 1 2 0 0 1 5/13 17:06 0:53 5:12
Pius Suter 0 0 0 0 0 1 0 0 0 0 0/0 8:59 0:00 0:21
Sam Steel 0 0 0 0 0 1 0 0 0 1 2/4 8:09 0:07 0:00
Ty Smith 0 0 0 0 2 0 0 1 0 0 0/0 21:23 0:00 3:07
Yegor Sharangovich 1 0 1 1 0 4 0 0 1 0 0/1 12:50 0:00 0:25
Players Stats for Montreal Canadiens
Player Name G A P +/- PIM S H SB GA TA FO MP PP MP PK MP
------------------------------------------------------------------------------------
Adam Fox 0 1 1 0 0 1 2 1 0 1 0/0 28:53 7:17 1:18
Brady Skjei 0 0 0 -1 0 1 0 1 1 0 0/0 20:26 4:06 1:00
Christian Fischer 0 0 0 -1 0 1 0 1 0 0 2/4 15:07 4:22 0:57
Damon Severson 0 0 0 1 0 1 1 1 0 0 0/0 15:21 4:06 0:28
Dylan Larkin 1 3 4 1 0 6 1 0 0 0 4/11 20:31 6:57 0:59
Evgeni Dadonov 0 0 0 -1 0 1 0 0 0 0 0/1 10:32 0:14 0:03
Filip Hronek 0 1 1 0 0 5 2 0 0 0 0/0 28:03 7:17 0:00
Jack Johnson 0 0 0 1 0 0 0 1 0 0 0/0 11:56 0:00 1:12
Jake Evans 0 0 0 0 0 0 0 0 0 0 1/1 10:37 0:00 0:57
Jamie Benn 0 1 1 -1 0 2 3 0 1 0 0/1 21:54 6:57 0:59
Jonathan Marchessault 1 0 1 2 0 2 1 2 0 0 0/0 12:48 0:04 0:00
Martin Necas 0 1 1 2 0 2 1 1 1 0 1/1 17:07 4:22 0:00
Patrik Laine 0 0 0 0 0 3 0 0 2 0 0/1 18:20 4:12 0:00
Sidney Crosby 2 0 2 -1 0 4 1 0 2 0 19/31 20:55 6:57 0:00
Tomas Nosek 0 0 0 0 0 0 0 0 0 1 0/0 9:40 0:00 0:00
Tyler Myers 0 0 0 -1 2 0 0 1 0 0 0/0 15:48 0:00 0:00
Tyson Jost 0 0 0 -1 0 0 1 0 0 1 0/0 9:51 0:04 0:00
Vladislav Namestnikov 0 0 0 0 0 2 0 1 0 0 1/1 10:11 0:00 0:03
3 Stars
1 - Dylan Larkin (MTL)
2 - Sidney Crosby (MTL)
3 - Jonathan Marchessault (MTL)
Power Play
Winnipeg Jets - 0 on 1 Attempt(s) - 0.00%
Montreal Canadiens - 2 on 7 Attempt(s) - 28.57%
Penalty Kill
Winnipeg Jets - 5 on 7 Attempt(s) - 71.43%
- Score 1 goal in Penalty Kill
Montreal Canadiens - 1 on 1 Attempt(s) - 100.00%
- Score 0 goal in Penalty Kill
Team Stat
Winnipeg Jets - Hits : 21 - Faceoff Wins : 24 - Blocked Shots : 13 - Penalty Minutes : 14
Montreal Canadiens - Hits : 13 - Faceoff Wins : 28 - Blocked Shots : 10 - Penalty Minutes : 2
Official
Referees : Francois StLaurent and Tom Kowal
Linesman : Brad Kovachik and Brian Murphy
Game Notes
No Game Note
Finance
Level 1 -- Attendance: 5825 (97.08%) -- Ticket Income $524,250
Level 2 -- Attendance: 4712 (94.24%) -- Ticket Income $235,600
Level 3 -- Attendance: 2921 (97.37%) -- Ticket Income $87,630
Level 4 -- Attendance: 5000 (100.00%) -- Ticket Income $100,000
Luxury Box -- Attendance: 953 (95.30%) -- Ticket Income $185,835
Game was played at the Bell Centre.
Total Attendance: 19411 (97.06%)
Total Ticket Income: $1,133,315
Other Income: $396,660
Total Income: $1,529,975
Winnipeg Jets
5 vs 5 Forward
Center Left Wing Right Wing Time % Phy DF OF
1 Connor McDavid Alex DeBrincat Lucas Raymond 30 1 2 2
2 Nick Suzuki Barclay Goodrow Kaapo Kakko 30 1 2 2
3 Matthew Beniers Andrew Cogliano Yegor Sharangovich 25 1 2 2
4 Sam Steel Pius Suter Joel Armia 15 1 2 2
5 vs 5 Defense
Defense Defense Time % Phy DF OF
1 Dante Fabbro Kaiden Guhle 35 1 2 2
2 Nathan Beaulieu Dylan Samberg 35 1 2 2
3 Calen Addison Ty Smith 30 1 2 2
4 Dante Fabbro Kaiden Guhle 0 1 2 2
PowerPlay Forward
Center Left Wing Right Wing Time % Phy DF OF
1 Connor McDavid Alex DeBrincat Lucas Raymond 50 1 2 2
2 Nick Suzuki Barclay Goodrow Kaapo Kakko 50 1 2 2
PowerPlay Defense
Defense Defense Time % Phy DF OF
1 Dante Fabbro Kaiden Guhle 50 1 2 2
2 Nathan Beaulieu Calen Addison 50 1 2 2
Penalty Kill 4 Players Forward
Center Wing Time % Phy DF OF
1 Connor McDavid Nick Suzuki 50 1 2 2
2 Alex DeBrincat Lucas Raymond 50 1 2 2
Penalty Kill 4 Players Defense
Defense Defense Time % Phy DF OF
1 Kaiden Guhle Dante Fabbro 50 1 2 2
2 Nathan Beaulieu Calen Addison 50 1 2 2
Penalty Kill - 3 Players Forward
Forward Time % Phy DF OF
1 Connor McDavid 50 1 2 2
2 Nick Suzuki 50 1 2 2
Penalty Kill - 3 Players Defense
Defense Defense Time % Phy DF OF
1 Kaiden Guhle Dante Fabbro 50 1 2 2
2 Ty Smith Nathan Beaulieu 50 1 2 2
4 vs 4 Forward
Center Wing Time % Phy DF OF
1 Connor McDavid Nick Suzuki 50 1 2 2
2 Alex DeBrincat Lucas Raymond 50 1 2 2
4 vs 4 Defense
Defense Defense Time % Phy DF OF
1 Dante Fabbro Kaiden Guhle 50 1 2 2
2 Calen Addison Ty Smith 50 1 2 2
Last Minutes Offensive
Center Left Wing Right Wing Defense Defense
Connor McDavid Alex DeBrincat Lucas Raymond Dante Fabbro Kaiden Guhle
Last Minutes Defensive
Center Left Wing Right Wing Defense Defense
Nick Suzuki Andrew Cogliano Barclay Goodrow Dante Fabbro Kaiden Guhle
Goaltenders
Starting : Pavel Francouz
Backup : Spencer Knight
Extra Forwards
Normal : Sam Steel, Matthew Beniers, Andrew Cogliano - PP : Sam Steel, Matthew Beniers - PK : Andrew Cogliano
Extra Defensemen
Normal : Kaiden Guhle, Ty Smith, Dante Fabbro - PP : Kaiden Guhle - PK : Kaiden Guhle, Dante Fabbro
Penalty Shots
Connor McDavid, Nick Suzuki, Alex DeBrincat, Lucas Raymond, Matthew Beniers
Montreal Canadiens
5 vs 5 Forward
Center Left Wing Right Wing Time % Phy DF OF
1 Sidney Crosby Jamie Benn Patrik Laine 39 1 2 2
2 Dylan Larkin Martin Necas Jonathan Marchessault 30 1 2 2
3 Christian Fischer Tyson Jost Evgeni Dadonov 20 1 2 2
4 Vladislav Namestnikov Jake Evans Tomas Nosek 11 1 2 2
5 vs 5 Defense
Defense Defense Time % Phy DF OF
1 Adam Fox Filip Hronek 37 1 2 2
2 Brady Skjei Tyler Myers 30 1 2 2
3 Damon Severson Jack Johnson 18 1 4 0
4 Adam Fox Filip Hronek 15 1 2 2
PowerPlay Forward
Center Left Wing Right Wing Time % Phy DF OF
1 Sidney Crosby Dylan Larkin Jamie Benn 65 0 1 4
2 Martin Necas Patrik Laine Christian Fischer 35 0 1 4
PowerPlay Defense
Defense Defense Time % Phy DF OF
1 Adam Fox Filip Hronek 70 0 1 4
2 Brady Skjei Damon Severson 30 0 1 4
Penalty Kill 4 Players Forward
Center Wing Time % Phy DF OF
1 Dylan Larkin Jamie Benn 50 1 3 1
2 Jake Evans Christian Fischer 50 1 3 1
Penalty Kill 4 Players Defense
Defense Defense Time % Phy DF OF
1 Jack Johnson Adam Fox 50 1 3 1
2 Tyler Myers Brady Skjei 50 1 3 1
Penalty Kill - 3 Players Forward
Forward Time % Phy DF OF
1 Dylan Larkin 50 1 4 0
2 Jamie Benn 50 1 4 0
Penalty Kill - 3 Players Defense
Defense Defense Time % Phy DF OF
1 Jack Johnson Adam Fox 50 1 4 0
2 Filip Hronek Tyler Myers 50 1 4 0
4 vs 4 Forward
Center Wing Time % Phy DF OF
1 Sidney Crosby Jamie Benn 60 1 1 3
2 Dylan Larkin Martin Necas 40 1 1 3
4 vs 4 Defense
Defense Defense Time % Phy DF OF
1 Adam Fox Tyler Myers 55 1 2 2
2 Damon Severson Brady Skjei 45 1 2 2
Last Minutes Offensive
Center Left Wing Right Wing Defense Defense
Sidney Crosby Dylan Larkin Jamie Benn Adam Fox Filip Hronek
Last Minutes Defensive
Center Left Wing Right Wing Defense Defense
Sidney Crosby Dylan Larkin Jamie Benn Adam Fox Filip Hronek
Goaltenders
Starting : David Rittich
Backup : Jacob Markstrom
Extra Forwards
Normal : Patrik Laine, Sidney Crosby, Dylan Larkin - PP : Jamie Benn, Patrik Laine - PK : Vladislav Namestnikov
Extra Defensemen
Normal : Filip Hronek, Damon Severson, Adam Fox - PP : Filip Hronek - PK : Brady Skjei, Adam Fox
Penalty Shots
Martin Necas, Sidney Crosby, Dylan Larkin, Jamie Benn, Patrik Laine
% Time on Ice - Winnipeg Jets
Lines # - Real PCT - Wanted PCT - Time Play
Normal Forward
1 - 30% - 30% - 14:12
2 - 27% - 30% - 12:46
3 - 25% - 25% - 11:39
4 - 17% - 15% - 8:01
Normal Defense
1 - 34% - 35% - 15:50
2 - 35% - 35% - 16:09
3 - 31% - 30% - 14:39
4 - 0% - 0% - 0:00
PP Forward
1 - 55% - 50% - 1:06
2 - 45% - 50% - 0:53
PP Defense
1 - 51% - 50% - 1:01
2 - 49% - 50% - 0:58
PK Forward
1 - 47% - 50% - 5:19
2 - 53% - 50% - 6:04
PK Defense
1 - 50% - 50% - 5:39
2 - 50% - 50% - 5:44
PK3 Forward
1 - 0% - 50%
2 - 0% - 50%
PK3 Defense
1 - 0% - 50%
2 - 0% - 50%
44 Forward
1 - 0% - 50%
2 - 0% - 50%
44 Defense
1 - 0% - 50%
2 - 0% - 50%
Last Minute Offensive - 0:00
Last Minute Defensive - 0:00
Total
Forward - 60:00
Defense - 60:00
|
% Time on Ice - Montreal Canadiens
Lines # - Real PCT - Wanted PCT - Time Play
Normal Forward
1 - 30% - 39% - 14:07
2 - 28% - 30% - 13:13
3 - 21% - 20% - 9:38
4 - 21% - 11% - 9:40
Normal Defense
1 - 36% - 37% - 16:57
2 - 33% - 30% - 15:33
3 - 22% - 18% - 10:19
4 - 8% - 15% - 3:49
PP Forward
1 - 62% - 65% - 7:01
2 - 38% - 35% - 4:22
PP Defense
1 - 64% - 70% - 7:17
2 - 36% - 30% - 4:06
PK Forward
1 - 50% - 50% - 0:59
2 - 50% - 50% - 1:00
PK Defense
1 - 31% - 50% - 0:37
2 - 69% - 50% - 1:22
PK3 Forward
1 - 0% - 50%
2 - 0% - 50%
PK3 Defense
1 - 0% - 50%
2 - 0% - 50%
44 Forward
1 - 0% - 60%
2 - 0% - 40%
44 Defense
1 - 0% - 55%
2 - 0% - 45%
Last Minute Offensive - 0:00
Last Minute Defensive - 0:00
Total
Forward - 60:00
Defense - 60:00
|
Play-by-Play
1st period
0:01 of 1st period - Connor McDavid wins face-off versus Sidney Crosby in neutral zone.
0:08 of 1st period - Off-side.
0:09 of 1st period - Connor McDavid wins face-off versus Jamie Benn in neutral zone.
0:16 of 1st period - Snap shot by Connor McDavid.
0:16 of 1st period - Shot Misses the Net.
1:00 of 1st period - Wrist shot by Sidney Crosby.
1:00 of 1st period - Shot Hit the Post.
1:30 of 1st period - Slapshot by Patrik Laine.
1:30 of 1st period - Stopped by Pavel Francouz without a rebound.
1:31 of 1st period - Nick Suzuki wins face-off versus Dylan Larkin in Winnipeg Jets zone.
2:20 of 1st period - Minor Penalty to Ty Smith for Holding.
2:21 of 1st period - Connor McDavid wins face-off versus Christian Fischer in Winnipeg Jets zone.
2:30 of 1st period - Off-side.
2:31 of 1st period - Alex DeBrincat wins face-off versus Patrik Laine in neutral zone.
3:18 of 1st period - Alex DeBrincat is hit by Martin Necas and loses puck.
4:20 of 1st period - Penalty to Ty Smith is over, Ty Smith is back on ice.
4:32 of 1st period - Snap shot by Tomas Nosek.
4:32 of 1st period - Shot Blocked by Andrew Cogliano.
4:42 of 1st period - Snap shot by Andrew Cogliano.
4:42 of 1st period - Stopped by David Rittich without a rebound.
4:43 of 1st period - Sam Steel wins face-off versus Christian Fischer in Montreal Canadiens zone.
5:08 of 1st period - Adam Fox is hit by Kaiden Guhle.
5:31 of 1st period - Sidney Crosby is hit by Kaiden Guhle and loses puck.
5:36 of 1st period - Snap shot by Lucas Raymond.
5:36 of 1st period - Shot Misses the Net.
5:54 of 1st period - Backhand shot by Vladislav Namestnikov.
5:54 of 1st period - Shot Hit the Post.
5:56 of 1st period - Wrist shot by Tomas Nosek.
5:56 of 1st period - Shot Misses the Net.
6:27 of 1st period - Off-side.
6:28 of 1st period - Matthew Beniers wins face-off versus Dylan Larkin in neutral zone.
7:18 of 1st period - Tyler Myers is hit by Nick Suzuki.
8:26 of 1st period - Wrist shot by Kaapo Kakko.
8:26 of 1st period - Shot Misses the Net.
8:35 of 1st period - Icing by Jamie Benn.
8:36 of 1st period - Christian Fischer wins face-off versus Joel Armia in Montreal Canadiens zone.
8:47 of 1st period - Slapshot by Christian Fischer.
8:47 of 1st period - Stopped by Pavel Francouz with a rebound.
8:49 of 1st period - Slapshot by Adam Fox.
8:49 of 1st period - Shot Blocked by Joel Armia.
9:11 of 1st period - Wrist shot by Kaapo Kakko.
9:11 of 1st period - Shot Blocked by Damon Severson.
9:13 of 1st period - Snap shot by Barclay Goodrow.
9:13 of 1st period - Shot Misses the Net.
9:43 of 1st period - Jake Evans is hit by Alex DeBrincat and loses puck.
10:04 of 1st period - Christian Fischer is hit by Kaapo Kakko and loses puck.
10:09 of 1st period - Snap shot by Kaapo Kakko.
10:09 of 1st period - Shot Misses the Net.
10:11 of 1st period - Slapshot by Nick Suzuki.
10:11 of 1st period - Shot Blocked by Christian Fischer.
10:13 of 1st period - Snap shot by Barclay Goodrow.
10:13 of 1st period - Shot Misses the Net.
10:27 of 1st period - Adam Fox is hit by Joel Armia and loses puck.
10:32 of 1st period - Snap shot by Pius Suter.
10:32 of 1st period - Shot Misses the Net.
10:44 of 1st period - Wrist shot by Patrik Laine.
10:44 of 1st period - Stopped by Pavel Francouz without a rebound.
10:45 of 1st period - Matthew Beniers wins face-off versus Sidney Crosby in Winnipeg Jets zone.
11:18 of 1st period - Snap shot by Yegor Sharangovich.
11:18 of 1st period - Stopped by David Rittich without a rebound.
11:19 of 1st period - Nick Suzuki wins face-off versus Dylan Larkin in Montreal Canadiens zone.
11:20 of 1st period - Snap shot by Kaapo Kakko.
11:20 of 1st period - Shot Misses the Net.
11:50 of 1st period - Wrist shot by Alex DeBrincat.
11:50 of 1st period - Stopped by David Rittich with a rebound.
11:58 of 1st period - Wrist shot by Alex DeBrincat.
11:58 of 1st period - Stopped by David Rittich without a rebound.
11:59 of 1st period - Matthew Beniers wins face-off versus Dylan Larkin in Montreal Canadiens zone.
12:24 of 1st period - Ty Smith is hit by Damon Severson and loses puck.
12:53 of 1st period - Wrist shot by Christian Fischer.
12:53 of 1st period - Shot Blocked by Alex DeBrincat.
13:07 of 1st period - Wrist shot by Vladislav Namestnikov.
13:07 of 1st period - Stopped by Pavel Francouz with a rebound.
13:15 of 1st period - Snap shot by Vladislav Namestnikov.
13:15 of 1st period - Shot Misses the Net.
13:37 of 1st period - Sam Steel is hit by Jamie Benn and loses puck.
13:54 of 1st period - Snap shot by Dylan Larkin.
13:54 of 1st period - Shot Blocked by Calen Addison.
14:42 of 1st period - Minor Penalty to Kaiden Guhle for Diving.
14:43 of 1st period - Dylan Larkin wins face-off versus Alex DeBrincat in Winnipeg Jets zone.
14:57 of 1st period - Backhand shot by Sidney Crosby.
14:57 of 1st period - Shot Blocked by Dante Fabbro.
14:59 of 1st period - Slapshot by Adam Fox.
14:59 of 1st period - Stopped by Pavel Francouz with a rebound.
15:09 of 1st period - Filip Hronek is hit by Connor McDavid.
15:17 of 1st period - Snap shot by Connor McDavid.
15:17 of 1st period - Deflect By Nick Suzuki.
15:17 of 1st period - Stopped by David Rittich with a rebound.
15:39 of 1st period - Slapshot by Martin Necas.
15:39 of 1st period - Stopped by Pavel Francouz without a rebound.
15:40 of 1st period - Sidney Crosby wins face-off versus Lucas Raymond in Winnipeg Jets zone.
15:49 of 1st period - Wrist shot by Dylan Larkin.
15:49 of 1st period - Stopped by Pavel Francouz with a rebound.
15:51 of 1st period - Wrist shot by Dylan Larkin.
15:51 of 1st period - Shot Blocked by Lucas Raymond.
15:53 of 1st period - Slapshot by Sidney Crosby.
15:53 of 1st period - Shot Misses the Net.
15:55 of 1st period - Wrist shot by Jamie Benn.
15:55 of 1st period - Stopped by Pavel Francouz without a rebound.
15:56 of 1st period - Connor McDavid wins face-off versus Sidney Crosby in Winnipeg Jets zone.
16:07 of 1st period - Wrist shot by Dylan Larkin.
16:07 of 1st period - Stopped by Pavel Francouz without a rebound.
16:08 of 1st period - Sidney Crosby wins face-off versus Connor McDavid in Winnipeg Jets zone.
16:13 of 1st period - Wrist shot by Dylan Larkin.
16:13 of 1st period - Shot Hit the Post.
16:42 of 1st period - Penalty to Kaiden Guhle is over, Kaiden Guhle is back on ice.
17:13 of 1st period - Snap shot by Lucas Raymond.
17:13 of 1st period - Shot Misses the Net.
17:48 of 1st period - Slapshot by Lucas Raymond.
17:48 of 1st period - Stopped by David Rittich with a rebound.
17:56 of 1st period - Slapshot by Adam Fox.
17:56 of 1st period - Shot Blocked by Ty Smith.
17:58 of 1st period - Slapshot by Filip Hronek.
17:58 of 1st period - Stopped by Pavel Francouz with a rebound.
18:00 of 1st period - Wrist shot by Jake Evans.
18:00 of 1st period - Shot Misses the Net.
18:02 of 1st period - Wrist shot by Jake Evans.
18:02 of 1st period - Shot Misses the Net.
18:04 of 1st period - Slapshot by Filip Hronek.
18:04 of 1st period - Stopped by Pavel Francouz with a rebound.
18:33 of 1st period - Snap shot by Alex DeBrincat.
18:33 of 1st period - Shot Misses the Net.
18:47 of 1st period - Slapshot by Adam Fox.
18:47 of 1st period - Shot Blocked by Dante Fabbro.
18:49 of 1st period - Slapshot by Vladislav Namestnikov.
18:49 of 1st period - Stopped by Pavel Francouz without a rebound.
18:50 of 1st period - Sidney Crosby wins face-off versus Matthew Beniers in Winnipeg Jets zone.
19:25 of 1st period - Snap shot by Jonathan Marchessault.
19:25 of 1st period - Stopped by Pavel Francouz without a rebound.
19:26 of 1st period - Sidney Crosby wins face-off versus Sam Steel in Winnipeg Jets zone.
19:47 of 1st period - Minor Penalty to Nathan Beaulieu for Hooking.
19:48 of 1st period - Connor McDavid wins face-off versus Sidney Crosby in Winnipeg Jets zone.
Goals for this period are 0 for Winnipeg Jets vs 0 for Montreal Canadiens.
Shots for this period are 6 for Winnipeg Jets vs 13 for Montreal Canadiens.
2nd period
0:01 of 2nd period - Alex DeBrincat wins face-off versus Sidney Crosby in neutral zone.
0:06 of 2nd period - Icing by Filip Hronek.
0:07 of 2nd period - Alex DeBrincat wins face-off versus Sidney Crosby in Montreal Canadiens zone.
0:08 of 2nd period - Snap shot by Lucas Raymond.
0:08 of 2nd period - Goal by Lucas Raymond - Winnipeg Jets : 1 - Montreal Canadiens : 0.
0:09 of 2nd period - Sidney Crosby wins face-off versus Alex DeBrincat in neutral zone.
0:17 of 2nd period - Off-side.
0:18 of 2nd period - Sidney Crosby wins face-off versus Alex DeBrincat in neutral zone.
0:21 of 2nd period - Snap shot by Dylan Larkin.
0:21 of 2nd period - Shot Misses the Net.
1:09 of 2nd period - Wrist shot by Sidney Crosby.
1:09 of 2nd period - Shot Misses the Net.
1:11 of 2nd period - Slapshot by Filip Hronek.
1:11 of 2nd period - Shot Blocked by Kaiden Guhle.
1:13 of 2nd period - Snap shot by Jamie Benn.
1:13 of 2nd period - Stopped by Pavel Francouz with a rebound.
1:17 of 2nd period - Snap shot by Sidney Crosby.
1:17 of 2nd period - Stopped by Pavel Francouz with a rebound.
1:27 of 2nd period - Snap shot by Dylan Larkin.
1:27 of 2nd period - Shot Misses the Net.
1:29 of 2nd period - Slapshot by Filip Hronek.
1:29 of 2nd period - Stopped by Pavel Francouz with a rebound.
1:31 of 2nd period - Snap shot by Dylan Larkin.
1:31 of 2nd period - Stopped by Pavel Francouz with a rebound.
1:33 of 2nd period - Slapshot by Jamie Benn.
1:33 of 2nd period - Deflect By Sidney Crosby.
1:33 of 2nd period - Goal by Sidney Crosby - Winnipeg Jets : 1 - Montreal Canadiens : 1.
1:34 of 2nd period - Christian Fischer wins face-off versus Matthew Beniers in neutral zone.
1:44 of 2nd period - Snap shot by Yegor Sharangovich.
1:44 of 2nd period - Stopped by David Rittich with a rebound.
1:46 of 2nd period - Slapshot by Nathan Beaulieu.
1:46 of 2nd period - Shot Blocked by Tyler Myers.
1:48 of 2nd period - Slapshot by Nathan Beaulieu.
1:48 of 2nd period - Deflect By Yegor Sharangovich.
1:48 of 2nd period - Goal by Yegor Sharangovich - Winnipeg Jets : 2 - Montreal Canadiens : 1.
1:49 of 2nd period - Connor McDavid wins face-off versus Evgeni Dadonov in neutral zone.
2:02 of 2nd period - Slapshot by Adam Fox.
2:02 of 2nd period - Shot Blocked by Connor McDavid.
2:14 of 2nd period - Filip Hronek is hit by Andrew Cogliano.
2:34 of 2nd period - Minor Penalty to Tyler Myers for Holding.
2:35 of 2nd period - Jake Evans wins face-off versus Connor McDavid in Montreal Canadiens zone.
2:35 of 2nd period - Jake Evans is hit by Alex DeBrincat.
3:08 of 2nd period - Snap shot by Kaapo Kakko.
3:08 of 2nd period - Shot Misses the Net.
4:34 of 2nd period - Penalty to Tyler Myers is over, Tyler Myers is back on ice.
6:39 of 2nd period - Adam Fox is hit by Dylan Samberg and loses puck.
6:49 of 2nd period - Ty Smith is hit by Dylan Larkin and loses puck.
6:54 of 2nd period - Wrist shot by Dylan Larkin.
6:54 of 2nd period - Shot Misses the Net.
6:56 of 2nd period - Slapshot by Filip Hronek.
6:56 of 2nd period - Stopped by Pavel Francouz with a rebound.
6:58 of 2nd period - Snap shot by Dylan Larkin.
6:58 of 2nd period - Stopped by Pavel Francouz without a rebound.
6:59 of 2nd period - Connor McDavid wins face-off versus Sidney Crosby in Winnipeg Jets zone.
7:10 of 2nd period - Slapshot by Alex DeBrincat.
7:10 of 2nd period - Stopped by David Rittich with a rebound.
7:12 of 2nd period - Snap shot by Kaiden Guhle.
7:12 of 2nd period - Stopped by David Rittich with a rebound.
7:16 of 2nd period - Wrist shot by Connor McDavid.
7:16 of 2nd period - Shot Misses the Net.
7:52 of 2nd period - Dylan Samberg is hit by Tyson Jost and loses puck.
8:18 of 2nd period - Jake Evans is hit by Matthew Beniers and loses puck.
9:28 of 2nd period - Tyler Myers is hit by Dante Fabbro and loses puck.
9:57 of 2nd period - Jack Johnson is hit by Lucas Raymond and loses puck.
10:02 of 2nd period - Snap shot by Alex DeBrincat.
10:02 of 2nd period - Shot Blocked by Jack Johnson.
10:04 of 2nd period - Slapshot by Kaiden Guhle.
10:04 of 2nd period - Shot Blocked by Vladislav Namestnikov.
10:06 of 2nd period - Snap shot by Dante Fabbro.
10:06 of 2nd period - Stopped by David Rittich with a rebound.
10:08 of 2nd period - Slapshot by Lucas Raymond.
10:08 of 2nd period - Shot Misses the Net.
10:22 of 2nd period - Dylan Larkin is hit by Barclay Goodrow and loses puck.
10:31 of 2nd period - Snap shot by Nick Suzuki.
10:31 of 2nd period - Deflect By Barclay Goodrow.
10:31 of 2nd period - Shot Blocked by Jonathan Marchessault.
10:31 of 2nd period - Puck is out of play.
10:32 of 2nd period - Sidney Crosby wins face-off versus Nick Suzuki in Montreal Canadiens zone.
10:41 of 2nd period - Snap shot by Sidney Crosby.
10:41 of 2nd period - Shot Misses the Net.
10:43 of 2nd period - Slapshot by Tyler Myers.
10:43 of 2nd period - Deflect By Patrik Laine.
10:43 of 2nd period - Shot Misses the Net.
10:43 of 2nd period - Puck is out of play.
10:44 of 2nd period - Sidney Crosby wins face-off versus Connor McDavid in Winnipeg Jets zone.
10:45 of 2nd period - Snap shot by Patrik Laine.
10:45 of 2nd period - Stopped by Pavel Francouz with a rebound.
10:53 of 2nd period - Filip Hronek is hit by Dylan Samberg and loses puck.
11:20 of 2nd period - Snap shot by Kaapo Kakko.
11:20 of 2nd period - Shot Blocked by Jonathan Marchessault.
11:22 of 2nd period - Wrist shot by Nick Suzuki.
11:22 of 2nd period - Shot Blocked by Martin Necas.
12:23 of 2nd period - Dante Fabbro is hit by Jamie Benn and loses puck.
12:43 of 2nd period - Wrist shot by Sam Steel.
12:43 of 2nd period - Shot Misses the Net.
12:45 of 2nd period - Snap shot by Sam Steel.
12:45 of 2nd period - Deflect By Joel Armia.
12:45 of 2nd period - Stopped by David Rittich with a rebound.
12:49 of 2nd period - Wrist shot by Sam Steel.
12:49 of 2nd period - Stopped by David Rittich with a rebound.
12:53 of 2nd period - Slapshot by Sam Steel.
12:53 of 2nd period - Shot Blocked by Brady Skjei.
13:08 of 2nd period - Off-side.
13:09 of 2nd period - Connor McDavid wins face-off versus Dylan Larkin in neutral zone.
13:14 of 2nd period - Wrist shot by Connor McDavid.
13:14 of 2nd period - Stopped by David Rittich without a rebound.
13:15 of 2nd period - Dylan Larkin wins face-off versus Connor McDavid in Montreal Canadiens zone.
14:10 of 2nd period - Wrist shot by Andrew Cogliano.
14:10 of 2nd period - Stopped by David Rittich with a rebound.
14:12 of 2nd period - Slapshot by Yegor Sharangovich.
14:12 of 2nd period - Shot Misses the Net.
15:50 of 2nd period - Wrist shot by Matthew Beniers.
15:50 of 2nd period - Shot Misses the Net.
15:56 of 2nd period - Snap shot by Andrew Cogliano.
15:56 of 2nd period - Stopped by David Rittich with a rebound.
15:58 of 2nd period - Wrist shot by Matthew Beniers.
15:58 of 2nd period - Stopped by David Rittich with a rebound.
16:54 of 2nd period - Snap shot by Dylan Larkin.
16:54 of 2nd period - Shot Misses the Net.
16:56 of 2nd period - Wrist shot by Martin Necas.
16:56 of 2nd period - Shot Misses the Net.
16:58 of 2nd period - Slapshot by Damon Severson.
16:58 of 2nd period - Stopped by Pavel Francouz with a rebound.
17:00 of 2nd period - Snap shot by Martin Necas.
17:00 of 2nd period - Shot Blocked by Nathan Beaulieu.
17:04 of 2nd period - Snap shot by Martin Necas.
17:04 of 2nd period - Stopped by Pavel Francouz without a rebound.
17:05 of 2nd period - Sidney Crosby wins face-off versus Connor McDavid in Winnipeg Jets zone.
17:14 of 2nd period - Wrist shot by Patrik Laine.
17:14 of 2nd period - Shot Misses the Net.
17:54 of 2nd period - Snap shot by Connor McDavid.
17:54 of 2nd period - Stopped by David Rittich with a rebound.
17:56 of 2nd period - Wrist shot by Connor McDavid.
17:56 of 2nd period - Shot Misses the Net.
18:26 of 2nd period - Slapshot by Alex DeBrincat.
18:26 of 2nd period - Stopped by David Rittich with a rebound.
19:06 of 2nd period - Slapshot by Adam Fox.
19:06 of 2nd period - Deflect By Jake Evans.
19:06 of 2nd period - Shot Misses the Net.
19:06 of 2nd period - Puck is out of play.
19:07 of 2nd period - Nick Suzuki wins face-off versus Sidney Crosby in Winnipeg Jets zone.
19:12 of 2nd period - Jamie Benn is hit by Nathan Beaulieu and loses puck.
19:19 of 2nd period - Slapshot by Nick Suzuki.
19:19 of 2nd period - Deflect By Barclay Goodrow.
19:19 of 2nd period - Stopped by David Rittich with a rebound.
Goals for this period are 2 for Winnipeg Jets vs 1 for Montreal Canadiens.
Shots for this period are 15 for Winnipeg Jets vs 10 for Montreal Canadiens.
3rd period
0:01 of 3rd period - Sidney Crosby wins face-off versus Nick Suzuki in neutral zone.
0:10 of 3rd period - Snap shot by Kaapo Kakko.
0:10 of 3rd period - Shot Misses the Net.
0:40 of 3rd period - Wrist shot by Alex DeBrincat.
0:40 of 3rd period - Stopped by David Rittich without a rebound.
0:41 of 3rd period - Sidney Crosby wins face-off versus Matthew Beniers in Montreal Canadiens zone.
1:28 of 3rd period - Evgeni Dadonov is hit by Lucas Raymond and loses puck.
1:59 of 3rd period - Snap shot by Evgeni Dadonov.
1:59 of 3rd period - Stopped by Pavel Francouz without a rebound.
2:00 of 3rd period - Nick Suzuki wins face-off versus Sidney Crosby in Winnipeg Jets zone.
2:00 of 3rd period - Nick Suzuki is hit by Sidney Crosby.
2:35 of 3rd period - Wrist shot by Jonathan Marchessault.
2:35 of 3rd period - Shot Misses the Net.
2:56 of 3rd period - Minor Penalty to Andrew Cogliano for Hooking.
2:57 of 3rd period - Connor McDavid wins face-off versus Sidney Crosby in Winnipeg Jets zone.
3:39 of 3rd period - Nathan Beaulieu is hit by Jamie Benn and loses puck.
4:53 of 3rd period - Icing by Brady Skjei.
4:54 of 3rd period - Martin Necas wins face-off versus Yegor Sharangovich in Montreal Canadiens zone.
4:56 of 3rd period - Penalty to Andrew Cogliano is over, Andrew Cogliano is back on ice.
5:28 of 3rd period - Snap shot by Pius Suter.
5:28 of 3rd period - Deflect By Andrew Cogliano.
5:28 of 3rd period - Stopped by David Rittich with a rebound.
5:30 of 3rd period - Backhand shot by Andrew Cogliano.
5:30 of 3rd period - Shot Blocked by Adam Fox.
5:32 of 3rd period - Slapshot by Kaiden Guhle.
5:32 of 3rd period - Deflect By Filip Hronek.
5:32 of 3rd period - Stopped by David Rittich without a rebound.
5:33 of 3rd period - Sidney Crosby wins face-off versus Nick Suzuki in Montreal Canadiens zone.
5:33 of 3rd period - Sidney Crosby is hit by Nick Suzuki.
5:55 of 3rd period - Double Minor Penalty to Kaiden Guhle for Roughing.
5:56 of 3rd period - Sidney Crosby wins face-off versus Connor McDavid in Winnipeg Jets zone.
6:01 of 3rd period - Wrist shot by Sidney Crosby.
6:01 of 3rd period - Shot Misses the Net.
6:13 of 3rd period - Snap shot by Sidney Crosby.
6:13 of 3rd period - Goal by Sidney Crosby - Winnipeg Jets : 2 - Montreal Canadiens : 2.
6:14 of 3rd period - Sidney Crosby wins face-off versus Connor McDavid in neutral zone.
8:13 of 3rd period - Penalty to Kaiden Guhle is over, Kaiden Guhle is back on ice.
8:19 of 3rd period - Slapshot by Calen Addison.
8:19 of 3rd period - Stopped by David Rittich with a rebound.
8:21 of 3rd period - Snap shot by Yegor Sharangovich.
8:21 of 3rd period - Stopped by David Rittich without a rebound.
8:22 of 3rd period - Vladislav Namestnikov wins face-off versus Matthew Beniers in Montreal Canadiens zone.
9:05 of 3rd period - Wrist shot by Pius Suter.
9:05 of 3rd period - Deflect By Dylan Larkin.
9:05 of 3rd period - Stopped by David Rittich without a rebound.
9:06 of 3rd period - Dylan Larkin wins face-off versus Nick Suzuki in Montreal Canadiens zone.
9:17 of 3rd period - Snap shot by Martin Necas.
9:17 of 3rd period - Deflect By Jonathan Marchessault.
9:17 of 3rd period - Goal by Jonathan Marchessault - Winnipeg Jets : 2 - Montreal Canadiens : 3.
9:18 of 3rd period - Sidney Crosby wins face-off versus Nick Suzuki in neutral zone.
9:27 of 3rd period - Wrist shot by Patrik Laine.
9:27 of 3rd period - Shot Misses the Net.
10:34 of 3rd period - Off-side.
10:35 of 3rd period - Sidney Crosby wins face-off versus Barclay Goodrow in neutral zone.
11:27 of 3rd period - Slapshot by Calen Addison.
11:27 of 3rd period - Deflect By Damon Severson.
11:27 of 3rd period - Stopped by David Rittich with a rebound.
11:29 of 3rd period - Wrist shot by Matthew Beniers.
11:29 of 3rd period - Stopped by David Rittich without a rebound.
11:30 of 3rd period - Sidney Crosby wins face-off versus Nick Suzuki in Montreal Canadiens zone.
11:41 of 3rd period - Wrist shot by Sidney Crosby.
11:41 of 3rd period - Stopped by Pavel Francouz with a rebound.
11:43 of 3rd period - Slapshot by Filip Hronek.
11:43 of 3rd period - Stopped by Pavel Francouz with a rebound.
11:45 of 3rd period - Wrist shot by Patrik Laine.
11:45 of 3rd period - Deflect By Sidney Crosby.
11:45 of 3rd period - Shot Misses the Net.
11:45 of 3rd period - Puck is out of play.
11:46 of 3rd period - Connor McDavid wins face-off versus Dylan Larkin in Winnipeg Jets zone.
11:59 of 3rd period - Dante Fabbro is hit by Adam Fox and loses puck.
13:14 of 3rd period - Off-side.
13:15 of 3rd period - Nick Suzuki wins face-off versus Dylan Larkin in neutral zone.
13:20 of 3rd period - Wrist shot by Nick Suzuki.
13:20 of 3rd period - Deflect By Kaapo Kakko.
13:20 of 3rd period - Shot Misses the Net.
13:20 of 3rd period - Puck is out of play.
13:21 of 3rd period - Dylan Larkin wins face-off versus Nick Suzuki in Montreal Canadiens zone.
13:26 of 3rd period - Backhand shot by Dylan Larkin.
13:26 of 3rd period - Shot Misses the Net.
13:28 of 3rd period - Snap shot by Dylan Larkin.
13:28 of 3rd period - Shot Misses the Net.
13:30 of 3rd period - Snap shot by Adam Fox.
13:30 of 3rd period - Shot Blocked by Nathan Beaulieu.
13:32 of 3rd period - Wrist shot by Dylan Larkin.
13:32 of 3rd period - Goal by Dylan Larkin - Winnipeg Jets : 2 - Montreal Canadiens : 4.
13:33 of 3rd period - Sidney Crosby wins face-off versus Nick Suzuki in neutral zone.
13:36 of 3rd period - Barclay Goodrow is hit by Adam Fox and loses puck.
13:42 of 3rd period - Ty Smith is hit by Filip Hronek and loses puck.
14:11 of 3rd period - Snap shot by Jonathan Marchessault.
14:11 of 3rd period - Shot Misses the Net.
15:29 of 3rd period - Snap shot by Jonathan Marchessault.
15:29 of 3rd period - Shot Blocked by Lucas Raymond.
16:01 of 3rd period - Wrist shot by Dylan Samberg.
16:01 of 3rd period - Shot Misses the Net.
16:03 of 3rd period - Snap shot by Nathan Beaulieu.
16:03 of 3rd period - Deflect By Matthew Beniers.
16:03 of 3rd period - Stopped by David Rittich with a rebound.
16:05 of 3rd period - Wrist shot by Andrew Cogliano.
16:05 of 3rd period - Stopped by David Rittich without a rebound.
16:06 of 3rd period - Sidney Crosby wins face-off versus Sam Steel in Montreal Canadiens zone.
16:11 of 3rd period - Wrist shot by Sam Steel.
16:11 of 3rd period - Shot Misses the Net.
16:46 of 3rd period - Brady Skjei is hit by Matthew Beniers and loses puck.
17:07 of 3rd period - Snap shot by Dylan Larkin.
17:07 of 3rd period - Stopped by Pavel Francouz with a rebound.
17:09 of 3rd period - Slapshot by Brady Skjei.
17:09 of 3rd period - Deflect By Lucas Raymond.
17:09 of 3rd period - Stopped by Pavel Francouz without a rebound.
17:10 of 3rd period - Sam Steel wins face-off versus Sidney Crosby in Winnipeg Jets zone.
17:37 of 3rd period - Andrew Cogliano is hit by Filip Hronek and loses puck.
18:02 of 3rd period - Dylan Larkin is hit by Alex DeBrincat and loses puck.
18:06 of 3rd period - Adam Fox is hit by Connor McDavid and loses puck.
18:11 of 3rd period - Calen Addison is hit by Jonathan Marchessault and loses puck.
18:36 of 3rd period - Minor Penalty to Alex DeBrincat for Tripping.
18:37 of 3rd period - Connor McDavid wins face-off versus Sidney Crosby in Winnipeg Jets zone.
Goals for this period are 0 for Winnipeg Jets vs 3 for Montreal Canadiens.
Shots for this period are 10 for Winnipeg Jets vs 8 for Montreal Canadiens.
Back to the Top